cohdb
Replays
Latest Replays
All Replays
Popular Replays
Top Player Replays
Match Explorer
How It Works
Community
CoH3 Stats
Reddit
Sign in to upload your games and track your stats! →
Sign in with Steam
Match 41259419
Unlisted
Match 41259419
Overview
Messages
Build Orders
End
Panzerpioneer Squad
Kradschützen Motorcycle Team
250 Light Carrier
Selects Italian Infantry
Panzerpioneer Squad
Construct Light Support Kompanie
MG34 Team
2.5-tonne Medical Truck
Fire Support Elements
Combat Half-tracks
Pak 38 Mechanized Group
Selects Guastatori Squad
Guastatori Squad
Construct Panzerarmee Kommand
Panzer III L Medium Tank
2.5-tonne Medical Truck
Guastatori Squad
Selects Defensive Operations
Pak 38 Mechanized Group
Selects Prepared Positions
Panzer III L Medium Tank
Panzer III L Medium Tank
Selects Obice 305mm Barrage
Rapid Advance
UH|dun! ツ
Cintrea
Chompy
Baba Voss
SuperJozzef
bakemonogatari911
0
0
Comments
sign in to comment!
No comments posted yet!